 Dungeon Crawl Stone Soup version 0.18.1-5-g4a78601 (webtiles) character file.

42 ololoev the Skirmisher (level 3, 0/26 HPs)
             Began as a High Elf Abyssal Knight on May 12, 2016.
             Was a Follower of Lugonu.
             Slain by an adder (3 damage)
             ... on level 2 of the Dungeon.
             The game lasted 00:03:26 (1410 turns).

ololoev the Skirmisher (High Elf Abyssal Knight)    Turns: 1410, Time: 00:03:27

Health: 0/26       AC: 12    Str: 12    XL:     3   Next: 35%
Magic:  6/6        EV:  6    Int: 21    God:    Lugonu [*.....]
Gold:   55         SH:  0    Dex: 14    Spells: 0 memorised, 2 levels left

rFire  + . .     SeeInvis .     a - +1 falchion
rCold  . . .     Gourm    .     f - +0 chain mail (curse)
rNeg   . . .     Faith    .     (no shield)
rPois  .         Spirit   .     (no helmet)
rElec  .         Dismiss  .     d - +2 cloak
rCorr  .         Reflect  .     (no gloves)
SustAt .         Harm     .     i - +0 pair of boots
MR     .....                    l - amulet of inaccuracy (curse)
Stlth  ..........               (no ring)
                                e - ring of protection from fire

@: brilliant, lethally poisoned (0 -> -7), not resistant to hostile
enchantments, extremely unstealthy
A: no striking features
a: Depart the Abyss, Renounce Religion

Inventory:

Hand Weapons
 a - a +1 falchion (weapon)
Armour
 d - a +2 cloak (worn)
 f - a cursed +0 chain mail (worn)
 i - a +0 pair of boots (worn)
Jewellery
 e - a ring of protection from fire (left hand)
 l - a cursed amulet of inaccuracy (around neck)
Scrolls
 h - a scroll of fog
Potions
 j - 2 potions of brilliance
 m - a potion of ambrosia {unknown}
Comestibles
 b - 3 chunks of flesh
 c - a bread ration
 g - a slice of pizza
 k - a meat ration


   Skills:
 + Level 3.1 Fighting
 * Level 3.0 Long Blades
 + Level 1.9 Armour
 - Level 2.1 Dodging
 + Level 2.8 Invocations


You had 2 spell levels left.
You didn't know any spells.


You were on level 2 of the Dungeon.
You worshipped Lugonu.
Lugonu was aware of your devotion.
You were not hungry.

You visited 1 branch of the dungeon, and saw 2 of its levels.
You visited the Abyss 1 time.

You collected 55 gold pieces.

#..........###.........
#..........)....>....##
##...........#..........
#.......................
........................
........................
........................
........?...............
......S@................
...................
..................
#..........#.....
############).... #####

Notes
Turn   | Place    | Note
--------------------------------------------------------------
     0 | Abyss:1  | ololoev the High Elf Abyssal Knight began the quest for the Orb.
     0 | Abyss:1  | Reached XP level 1. HP: 16/16 MP: 3/3
    25 | Abyss:2  | Found a corrupted altar of Lugonu.
    26 | Abyss:2  | Noticed a worldbinder
    29 | Abyss:2  | Noticed a wraith
    29 | Abyss:2  | Noticed a vampire
    33 | Abyss:2  | Noticed a shadow
    37 | Abyss:2  | Noticed a vampire
    39 | Abyss:2  | Noticed a vampire
    39 | Abyss:2  | Noticed a shadow
    42 | Abyss:2  | Noticed a wraith
    42 | Abyss:2  | Noticed a shadow
    50 | Abyss:2  | Noticed a shadow
    53 | Abyss:3  | Found a corrupted altar of Lugonu.
    69 | Abyss:3  | Found a corrupted altar of Lugonu.
    78 | Abyss:3  | Noticed a tentacled starspawn
    92 | Abyss:3  | Noticed a tentacled starspawn
   108 | Abyss:3  | Noticed a chaos spawn
   125 | Abyss:3  | Noticed a large abomination
   137 | Abyss:3  | Noticed a large abomination
   147 | Abyss:3  | Noticed a chaos spawn
   148 | Abyss:3  | Noticed a blizzard demon
   154 | D:1      | Escaped the Abyss
   435 | D:1      | Reached skill level 1 in Armour
   630 | D:1      | Reached XP level 2. HP: 19/21 MP: 4/4
   915 | D:1      | Reached * piety under Lugonu
  1271 | D:1      | Reached XP level 3. HP: 26/26 MP: 5/5
  1410 | D:2      | Slain by an adder

Dungeon Overview and Level Annotations

Branches:
Dungeon (2/15)

Altars:


Message History

Found a whip.
There is a stone staircase leading up here.
You feel sick.
You are no longer poisoned.
You see here a whip.
Found a whip.
o - a scroll of identify An adder comes into view.
An adder is nearby!
Read which item? (? for menu, Esc to quit)
Identify which item? (\ to view known items) (? for menu, Esc to quit)
As you read the scroll of identify, it crumbles to dust.
n - a scroll of random uselessness Drop what? 14/52 slots (_ for help) (? for menu, Esc to quit)
You drop a scroll of random uselessness.
You closely miss the adder. The adder bites you.
The adder bites you but does no damage.
Your chain mail prevents you from hitting the adder.
The adder bites you but does no damage.
You hit the adder.
The adder is heavily wounded.
The adder bites you but does no damage. The adder bites you.
You miss the adder.
The adder is heavily wounded.
The adder bites you but does no damage. x2
You closely miss the adder.
The adder is heavily wounded.
The adder bites you but does no damage.
You closely miss the adder.
The adder is heavily wounded.
The adder bites you but does no damage. x2
You closely miss the adder.
The adder is heavily wounded.
The adder bites you but does no damage.
You miss the adder.
The adder is heavily wounded.
The adder closely misses you. The adder bites you but does no damage.
Your chain mail prevents you from hitting the adder.
The adder is heavily wounded.
The adder bites you.
You are too injured to fight recklessly!
You are too injured to fight recklessly!
You are too injured to fight recklessly!
You are too injured to fight recklessly!
You are too injured to fight recklessly!
You are too injured to fight recklessly!
You are too injured to fight recklessly!
You are too injured to fight recklessly!
You are too injured to fight recklessly!
You are too injured to fight recklessly!
You are too injured to fight recklessly!
You are too injured to fight recklessly!
You are too injured to fight recklessly!
You are too injured to fight recklessly!
You completely miss the adder.
The adder is heavily wounded.
The adder bites you but does no damage. The adder closely misses you.
You hit the adder.
The adder is almost dead.
The adder closely misses you.
You barely miss the adder.
The adder is almost dead.
The adder bites you but does no damage. The adder barely misses you.
You closely miss the adder.
The adder is almost dead.
The adder bites you.
You are poisoned.
The adder poisons you!
You closely miss the adder.
The adder is severely wounded.
You feel sick. The adder bites you. The adder closely misses you.
You closely miss the adder.
The adder is severely wounded.
The adder closely misses you.
Your chain mail prevents you from hitting the adder.
The adder is severely wounded.
You feel sick. The adder bites you.
You are more poisoned.
The adder poisons you! The adder bites you.
You die...

You could see an adder.

Vanquished Creatures
  A gnoll (D:1)
  An adder (D:2)
  A dart slug (D:2)
  A giant gecko (D:1)
  2 bats (D:1)
  2 giant cockroaches (D:1)
  4 goblins
  2 hobgoblins (D:1)
  A giant gecko zombie (D:1)
  2 giant newts (D:1)
  2 kobolds (D:1)
  2 rats (D:1)
21 creatures vanquished.

Vanquished Creatures (others)
  10 starspawn tentacles (Abyss:3)
  74 starspawn tentacle segments (Abyss:3)
84 creatures vanquished.

Grand Total: 105 creatures vanquished

Action                   || total
-------------------------++-------
Melee: Falchion          ||   142
Invok: Depart the Abyss  ||     1
  Use: Scroll            ||     5
       Potion            ||     2
  Eat: Chunk             ||     2
Armor: Chain mail        ||   143
Dodge: Dodged            ||    58

Vault maps used:
D:1:      eino_arrival_cavern_a
D:2:      kennysheep_goblin_castle, minmay_statues_item, serial_bayou_pond_a,
          moated_statue
Abyss:2:  hangedman_classic_abyss_death
